 Dungeon Sprint DCSS version 0.28.0-53-g5a82cb258f (webtiles) character file.

Game seed: 6088894515077627171

456 Zeld the Cleaver (level 6, -10/68 HPs)
             Began as a Minotaur Berserker on June 5, 2022.
             Was a Priest of Trog.
             Killed from afar by an efreet (20 damage)
             ... with a fireball
             ... in the Dungeon (Sprint IX: "|||||||||||||||||||||||||||||").
             The game lasted 00:00:51 (900 turns).

Zeld the Cleaver (Minotaur Berserker)                Turns: 900, Time: 00:00:51

Health: -10/68     AC:  3    Str: 23    XL:     6   Next: 77%
Magic:  5/5        EV: 14    Int:  4    God:    Trog [***...]
Gold:   0          SH:  0    Dex: 10    Spells: 5/5 levels left

rFire   . . .      SeeInvis .   a - +1 broad axe (freeze)
rCold   . . .      Faith    .   (no shield)
rNeg    . . .      Spirit   .   b - +0 animal skin
rPois   .          Reflect  .   (helmet restricted)
rElec   .          Harm     .   k - +0 cloak
rCorr   .          Rampage  .   (no gloves)
Will    .....      NoTele   +   (no boots)
Stlth   +.........              (no amulet)
HPRegen 0.21/turn               (no ring)
MPRegen 0.09/turn               (no ring)

@: no status effects
A: horns 2, retaliatory headbutt
a: Renounce Religion, Berserk, Trog's Hand


You were in the Dungeon.
You worshipped Trog.
Trog was most pleased with you.
You visited 1 branch

Inventory:

Hand Weapons
 a - a +1 broad axe of freezing (weapon)
Armour
 b - a +0 animal skin (worn)
 k - a +0 cloak (worn)
Wands
 j - a wand of iceblast (10)
Scrolls
 h - a scroll of blinking
Potions
 c - 5 potions of curing
 d - 3 potions of heal wounds
 e - a potion of haste
 f - 4 potions of magic
 g - a potion of berserk rage
 i - a potion of invisibility


   Skills:
 * Level 11.6 Fighting
 * Level 11.6 Axes
 - Level 2.4 Armour
 + Level 7.4 Dodging


You had 5 spell levels left.
You didn't know any spells.
Your spell library was empty.

Dungeon Overview and Level Annotations

Branches:
Dungeon (1/1)

Altars:
Cheibriados
Dithmenos
Elyvilon
Fedhas
Gozag
Hepliaklqana
Kikubaaqudgha
Makhleb
Nemelex Xobeh
Okawaru
Qazlal
Ru
Sif Muna
Trog
Uskayaw
Vehumet
Wu Jian
Xom
Yredelemnul
Zin
The Shining One
Beogh
Jiyva
Lugonu


Innate Abilities, Weirdness & Mutations

You have a pair of horns on your head.
You reflexively headbutt those who attack you in melee.


Message History

As you read the scroll of blinking, it crumbles to dust.
Your ogre goes berserk!
Trog will no longer gift you weapons. The efreet gestures at you.
The fireball explodes!
The fireball engulfs your ogre!!
Unknown command.
There is an open door to the Dungeon, spattered with blood here.
You see here a howler monkey skeleton.
The efreet hits your ogre with a +3 scimitar of flaming!!
The efreet burns your ogre!
Your ogre dies!
Your ogre's corpse disappears in a puff of smoke!
Things that are here:
a +2 ring of evasion; a +2 ring of protection You fail to use your ability.
You see here a +1 scale mail.
You see here a +0 helmet.
You fail to use your ability.
You see here a +0 hand axe.
Your ogre goes berserk!
You can no longer call in reinforcements.
The efreet gestures at you.
The fireball explodes!
The fireball engulfs your ogre!! The fireball engulfs you!
* * * LOW HITPOINT WARNING * * *
Unknown command.
Unknown command.
Items here: ))))).
The efreet hits your ogre with a +3 scimitar of flaming!!
The efreet burns your ogre!
Your ogre dies!
Your ogre's corpse disappears in a puff of smoke!
You see here 2 scrolls of amnesia.
There is an open door here.
There is a glowing golden altar of the Shining One here.
There is a glowing silver altar of Zin here.
There's nothing to close nearby.
The efreet gestures at you.
The fireball explodes!
The fireball engulfs you!!
You die...

▓[▓
▓[▓
▓○▓
▓R▓
▓)▓
▓?▓
▓.▓
▓'▓
▓@▓
▓_▓
▓_▓
▓_▓
▓_▓
▓_▓
▓_▓
▓_▓
▓_▓


You could see an efreet.

Vanquished Creatures
  A troll (D)
  A gnoll sergeant (D)
  A killer bee (D)
  2 howler monkeys (D)
  2 iguanas (D)
  An adder (D)
  An adder skeleton (D)
  An orc (D)
  A bat zombie (D)
  A hobgoblin (D)
  A ball python (D)
  A kobold (D)
  2 rats (D)
16 creatures vanquished.

Notes
Turn   | Place    | Note
-------+----------+-------------------------------------------
     0 | D        | Zeld the Minotaur Berserker began the quest for the Orb.
     0 | D        | Reached XP level 1. HP: 19/19 MP: 0/0
     5 | D        | Banished a spatial maelstrom
    10 | D        | Reached ** piety under Trog
    88 | D        | Noticed an iguana
    88 | D        | Noticed an iguana
    93 | D        | Reached *** piety under Trog
    94 | D        | Reached skill level 5 in Fighting
    94 | D        | Reached skill level 5 in Axes
    94 | D        | Reached XP level 2. HP: 29/29 MP: 1/1
    97 | D        | Reached XP level 3. HP: 18/37 MP: 2/2
   102 | D        | Reached XP level 4. HP: 15/45 MP: 3/3
   149 | D        | Found a snail-covered altar of Cheibriados.
   149 | D        | Found a shadowy altar of Dithmenos.
   149 | D        | Found a white marble altar of Elyvilon.
   149 | D        | Found a blossoming altar of Fedhas.
   149 | D        | Found an opulent altar of Gozag.
   173 | D        | Found a hazy altar of Hepliaklqana.
   192 | D        | Found a viscous altar of Jiyva.
   193 | D        | Found an ancient bone altar of Kikubaaqudgha.
   277 | D        | Found a corrupted altar of Lugonu.
   285 | D        | Found a burning altar of Makhleb.
   386 | D        | Found a sparkling altar of Nemelex Xobeh.
   487 | D        | Found an iron altar of Okawaru.
   488 | D        | Found a stormy altar of Qazlal.
   489 | D        | Found a sacrificial altar of Ru.
   490 | D        | Found a shimmering blue altar of Sif Muna.
   491 | D        | Found a bloodstained altar of Trog.
   492 | D        | Found a hide-covered altar of Uskayaw.
   493 | D        | Found a radiant altar of Vehumet.
   494 | D        | Found an ornate altar of the Wu Jian Council.
   495 | D        | Found a shimmering altar of Xom.
   496 | D        | Found a basalt altar of Yredelemnul.
   497 | D        | Found a glowing silver altar of Zin.
   498 | D        | Found a glowing golden altar of the Shining One.
   535 | D        | Noticed a troll
   535 | D        | Noticed a gnoll sergeant
   537 | D        | Reached **** piety under Trog
   542 | D        | Killed a gnoll sergeant
   543 | D        | Reached skill level 5 in Dodging
   543 | D        | Reached XP level 5. HP: 56/56 MP: 4/4
   547 | D        | Killed a troll
   548 | D        | Reached XP level 6. HP: 23/68 MP: 5/5
   551 | D        | Reached ***** piety under Trog
   879 | D        | Noticed a skeletal warrior
   879 | D        | Noticed a centaur warrior
   879 | D        | Noticed a centaur warrior
   879 | D        | Noticed a vampire mosquito
   879 | D        | Noticed a deep elf pyromancer
   879 | D        | Noticed an efreet
   900 | D        | Killed from afar by an efreet

Illustrated notes

Levels and vault maps discovered:
D:        linesprint [early_d, line_temple, items_1, d_10, items_2, lair_1,
          lair_end, items_3, orc_1, orc_end, items_4, d_15, swamp_1, shoals_1,
          snake_1, spider_1, d_20, vaults_1, items_5, swamp_end, shoals_end,
          snake_end, spider_end, vaults_end, d_27, items_6, zot_1, zot_end,
          crypt_end, forest_end, elf_end, slime_end, tomb_end, abyss_end,
          pan_hell_end]

Skill      XL: |  1  2  3  4  5 |
---------------+----------------+-----
Fighting       | 5 6 8 11 | 11.6
Axes           | 5 6 7 8 11 | 11.6
Dodging        | 3 4 5 7 |  7.4
Armour         | |  2.4

Action                   |  1- 3 |  4- 6 || total
-------------------------+-------+-------++-------
Melee: Hand axe          |    19 |       ||    19
       Headbutt          |     3 |     2 ||     5
       Broad axe         |       |    15 ||    15
Invok: Berserk           |     1 |     1 ||     2
       Brothers in Arms  |       |     2 ||     2
  Use: Scroll            |       |     1 ||     1
Armor: Animal skin       |     3 |       ||     3
Dodge: Dodged            |     8 |     8 ||    16
